AoeStats
← LSKingdom9970

Arena

510197068Analyzed
1v1 RM · 3d ago on Sep 29, 2026· 41m 0s· 2 players
Game mode
Random Map
Map size
Tiny (2 player)
Population
200
Speed
Normal
Resources
Standard
Victory
Conquest
Starting age
Dark Age
Ending age
Imperial Age
RankedLock teamsTeams togetherTeam positionsShared explorationLock speedFull tech treeHidden civsTurbo modeCheats
Victory
Defeat
🇨🇴 Burmese · Colombia
1717
+20
🇧🇷 Saxons · Brazil
1803
-20
TRYHC_WRYPIG
10:14 Feudal Age
12:00 Horse Collar
14:31 Castle Age
16:11 Fervor
16:25 Sanctity
16:56 Fervor
17:33 Gold Mining
22:53 Wheelbarrow
22:03 Loom
23:40 Atonement
24:50 Hand Cart
29:51 Imperial Age
27:22 Scale Mail Armor
27:33 Forging
27:11 Gambesons
27:26 Squires
27:12 Arson
26:48 Man-at-Arms
28:01 Heavy Plow
28:54 Chain Mail Armor
30:08 Iron Casting
29:08 Long Swordsman
29:49 Town Watch
29:55 Stone Mining
30:41 Gold Shaft Mining
31:53 Chemistry
31:00 Scale Barding Armor
31:26 Conscription
31:13 Howdah
31:42 Block Printing
30:54 Two-Handed Swordsman
31:39 Champion
31:58 Capped Ram
33:45 Plate Mail Armor
35:39 Blast Furnace
34:55 Heavy Scorpion
36:09 Onager
37:31 Ballistics
37:47 Fletching
37:58 Padded Archer Armor
39:57 Bodkin Arrow
40:46 Bracer
LSKingdom9970
10:25 Feudal Age
11:31 Double-Bit Axe
14:23 Castle Age
12:31 Horse Collar
22:31 Bow Saw
22:22 Heavy Plow
23:47 Wheelbarrow
24:03 Town Watch
29:43 Imperial Age
27:00 Loom
27:44 Squires
27:30 Gambesons
27:46 Scale Mail Armor
27:56 Forging
27:47 Elite Skirmisher
28:23 Fletching
28:52 Chain Mail Armor
29:25 Hand Cart
29:52 Thumb Ring
29:50 Padded Archer Armor
30:24 Bodkin Arrow
31:15 Ballistics
32:11 Plate Mail Armor
31:43 Bracer
32:49 Conscription
33:14 Iron Casting
32:18 Crossbowman
33:03 Arbalester
35:25 Leather Archer Armor
36:16 Chemistry
34:44 Pikeman
35:40 Halberdier
37:37 Elite Varangian Guard
Connection lost

Rejoining the realm…

Still unreachable

The connection could not be restored.

Session expired

The server has moved on; the page needs a fresh start.